Description

Build order présentait par l'équipe Ogaming (bo débutant)

VOD

https://youtu.be/U29TmQAnVJ0?t=19m52s

Build Order

Get SALT Encoding   

  14  0:20   Pylon  
  15  0:38   Gateway  
  16  0:46   Assimilator  
  18  1:18   Assimilator  
  19  1:24   Cybernetics Core  
  19  1:25   Stalker  
  21  1:40   Pylon  
  24  2:07   Warp Gate  
  25  2:25  proxy Pylon  
  25  2:30   Twilight Council  
  27  2:40   Gateway x2  
  27  2:42   Pylon  
  27  2:52  proxy Gateway  
  27  3:08   Blink (Chrono Boost)  
  41  4:20   Action  
Spawning Tool Build Advisor. Get it on Overwolf

Go to:

Details

  • Created by: shaltarus
  • Published on: Apr 08, 2018
  • Modified on: Apr 08, 2018
  • Patch: 4.0.0
Show
View Real Time Build Order
Export as new Build Order

Comments (0)

There are no comments. Be the first!

Create an account to comment!